 Dungeon Crawl Stone Soup version 0.31-a0-152-g6aa68a64a1 (webtiles) character file.

Game seed: 7341263729665161395

158 qw the Shooter (level 5, -7/47 HPs)
             Began as a Minotaur Hunter on June 10, 2023.
             Mangled by a gnoll sergeant
             ... wielding a +0 vampiric spear
              (8 damage)
             ... on level 4 of the Dungeon.
             The game lasted 00:00:49 (2146 turns).

qw the Shooter (Minotaur Hunter)                    Turns: 2146, Time: 00:00:50

Health: -7/47      AC:  6    Str: 15    XL:     5   Next: 16%
Magic:  4/4        EV: 11    Int:  6    God:
Gold:   122        SH:  0    Dex: 16    Spells: 4/4 levels left

rFire   . . .        Y - +1 shortbow
rCold   . . .        (shield currently unavailable)
rNeg    . . .        b - +0 ring mail
rPois   .            (helmet restricted)
rElec   .            k - +0 cloak
rCorr   .            (no gloves)
SInv    .            (no boots)
Will    .....        (no amulet)
Stlth   +            (no ring)
HPRegen 0.27/turn    (no ring)
MPRegen 0.09/turn

%: no passive effects
@: no status effects
A: horns 2, retaliatory headbutt
a: no special abilities


You were on level 4 of the Dungeon.
You visited 1 branch of the dungeon, and saw 4 of its levels.

You collected 122 gold pieces.


Innate Abilities, Weirdness & Mutations

You have a pair of horns on your head.
You reflexively headbutt those who attack you in melee.


   Skills:
 - Level 4.5 Fighting
 + Level 6.0 Ranged Weapons
 - Level 1.1 Armour
 - Level 2.1 Dodging
 - Level 0.7 Stealth


You had 4 spell levels left.
You didn't know any spells.
Your spell library was empty.

Inventory:

Hand Weapons
 Y - a +1 shortbow (weapon)
Armour
 b - a +0 ring mail (worn)
 k - a +0 cloak (worn)
Scrolls
 d - a scroll of identify
Potions
 a - a potion of lignification {unknown}
 e - a potion of might {unknown}
 g - a potion of heal wounds {unknown}
 l - a potion of cancellation

Dungeon Overview and Level Annotations

Branches:
Dungeon (4/15)
 Temple: D:4-7

Altars:

Annotations:
D:3 1 runed translucent door, Crazy Yiuf


Message History

You kill the howler monkey!
The gnoll hits you but does no damage.
A gnoll sergeant comes into view. It is wielding a +0 vampiric spear.
Your Fighting skill increases to level 4!
You have reached level 5!
You shoot an arrow.
The arrow hits the kobold but does no damage.
The gnoll barely misses you. The kobold hits you but does no damage.
You shoot an arrow. The arrow hits the kobold.
You kill the kobold!
The gnoll misses you.
A hobgoblin comes into view.
2139 ||| Stepping ~*~*~tactically~*~*~ (outnumbered).
You shoot an arrow.
The arrow hits the gnoll but does no damage.
The gnoll closely misses you.
You shoot an arrow. The arrow hits the hobgoblin.
The hobgoblin is lightly wounded.
The gnoll hits you from afar with a +0 spear.
The hobgoblin barely misses you. The hobgoblin hits you.
You shoot an arrow. The arrow closely misses the hobgoblin.
The gnoll sergeant hits you from afar with a +0 vampiric spear!
A goblin comes into view. It is wielding a +0 dagger.
The hobgoblin misses you.
You shoot an arrow. The arrow hits the hobgoblin.
The hobgoblin is heavily wounded.
The gnoll sergeant hits you from afar with a +0 vampiric spear!
The hobgoblin barely misses you.
You shoot an arrow. The arrow barely misses the hobgoblin.
The arrow closely misses the goblin.
The gnoll sergeant hits you from afar with a +0 vampiric spear.
The hobgoblin barely misses you.
You shoot an arrow. The arrow hits the hobgoblin.
You kill the hobgoblin!
The gnoll sergeant hits you from afar with a +0 vampiric spear!
You shoot an arrow. The arrow barely misses the goblin.
The gnoll sergeant hits you from afar with a +0 vampiric spear.
The goblin hits you but does no damage.
The gnoll sergeant hits you from afar with a +0 vampiric spear!
You die...

#..# #..# ## #..#
.## #..###.# .g
#....#.# #g
#.##.#.#
####.#g####.##.#.#
......)g@....#.#.#
###...######.#.#.#
/.... #.#.#.# ####
####.....#
#.....#..#
#)##....##
#.##.#.## #.##.#.#
#.##.#.#


You could see a gnoll sergeant and a goblin.

Vanquished Creatures
  A howler monkey (D:4)
  5 adders
  2 worms (D:3)
  3 dart slugs
  An orc (D:4)
  6 ball pythons
  2 bats
  4 endoplasms
  4 giant cockroaches
  8 hobgoblins
  5 jackals
  11 kobolds
  A quokka (D:3)
  2 goblins
  5 rats
60 creatures vanquished.

Notes
Turn   | Place    | Note
-------+----------+-------------------------------------------
     0 | D:1      | qw the Minotaur Hunter began the quest for the Orb.
     0 | D:1      | Reached XP level 1. HP: 18/18 MP: 0/0
     0 | D:1      | 0 ||| qw: Version: 0.2-a-122-gbc61b45
     0 | D:1      | 0 ||| qw: Game counter: 3639
     0 | D:1      | 0 ||| qw: Always use a shield: true
     0 | D:1      | 0 ||| qw: God list: Okawaru
     0 | D:1      | 0 ||| qw: Allow faded altars: false
     0 | D:1      | 0 ||| qw: Do Orc after D:15 true
     0 | D:1      | 0 ||| qw: Do second Lair branch before Depths: true
     0 | D:1      | 0 ||| qw: Lair rune preference: random
     0 | D:1      | 0 ||| qw: Plans: Normal
     0 | D:1      | 0 ||| PLANNING D:1-11
    65 | D:1      | Reached XP level 2. HP: 25/25 MP: 1/1
    74 | D:1      | Reached skill level 5 in Ranged Weapons
   389 | D:1      | Reached skill level 3 in Fighting
   390 | D:1      | 390 ||| FLEEEEING.
   432 | D:1      | 432 ||| UPGRADING to +0 cloak.
   437 | D:1      | 437 ||| DROPPING +6 ring of intelligence.
   438 | D:1      | 438 ||| READING scroll labelled MOICOR FU WACHIYS.
   439 | D:1      | 439 ||| READING scroll labelled ASKEROIH HUUB.
   440 | D:1      | 440 ||| DRINKING 2 bubbling coppery potions.
   441 | D:1      | 441 ||| DRINKING 2 green potions.
   442 | D:1      | 442 ||| DROPPING scroll of butterflies.
   443 | D:1      | 443 ||| DROPPING potion of brilliance.
   774 | D:2      | Reached XP level 3. HP: 31/31 MP: 2/2
  1243 | D:2      | 1243 ||| UPGRADING to +0 ring mail.
  1253 | D:2      | 1253 ||| DROPPING +0 leather armour.
  1254 | D:2      | 1254 ||| READING scroll labelled LAMUPROEDGH.
  1255 | D:2      | 1255 ||| READING scroll labelled WOR VUUHELLINE.
  1256 | D:2      | 1256 ||| READING scroll labelled WYRPHU PIUFUGROATI.
  1257 | D:2      | 1257 ||| DRINKING 2 coppery potions.
  1263 | D:2      | 1263 ||| READING 2 scrolls of identify.
  1263 | D:2      | 1263 ||| IDENTIFYING purple potion
  1264 | D:2      | 1264 ||| DROPPING potion of invisibility.
  1265 | D:2      | 1265 ||| DROPPING potion of ambrosia.
  1313 | D:3      | Reached skill level 1 in Armour
  1406 | D:3      | Reached XP level 4. HP: 21/38 MP: 3/3
  1495 | D:3      | Reached skill level 6 in Ranged Weapons
  1933 | D:3      | Found a runed translucent door.
  1934 | D:3      | Noticed Crazy Yiuf
  2040 | D:3      | 2040 ||| READING scroll labelled DUSAETZ DARHI.
  2136 | D:4      | Noticed a gnoll sergeant
  2137 | D:4      | Reached XP level 5. HP: 37/47 MP: 4/4
  2139 | D:4      | 2139 ||| Stepping ~*~*~tactically~*~*~ (outnumbered).
  2145 | D:4      | HP: 6/47 [gnoll sergeant/+0 vampiric spear (8)]
  2146 | D:4      | HP: 1/47 [gnoll sergeant/+0 vampiric spear (5)]
  2146 | D:4      | Mangled by a gnoll sergeant

Levels and vault maps discovered:
D:1:      minmay_arrival_checkered_box, layout_rooms
D:2:      layout_loops_corners, grunt_decor_mini_mirrors
D:3:      layout_loops_cross, uniq_crazy_yiuf_cottage
D:4:      layout_loops_ring, nicolae_kite_square_tiling_tiny, uniq_sigmund,
          uniq_grinder, uniq_robin

Skill      XL: |  1  2  3  4 |
---------------+-------------+-----
Ranged Weapons | 5 6 |  6.0
Fighting       | 3 4 |  4.5
Armour         | 1 |  1.1
Dodging        | |  2.1
Stealth        | |  0.7

Action                     |  1- 3 |  4- 6 || total
---------------------------+-------+-------++-------
   Fire: Shortbow          |   114 |    65 ||   179
    Use: Scroll            |     6 |     1 ||     7
         Potion            |     3 |       ||     3
 Armour: Leather armour    |    11 |       ||    11
         Ring mail         |    12 |    11 ||    23
  Dodge: Dodged            |    35 |    14 ||    49

Table legend:
 A = Non-vault XP
 B = Vault XP
 C = Vault XP percentage of total XP
 D = Non-vault monster count
 E = Vault monster count
 F = Vault count percentage of total count
                 A         B        C        D         E       F
            +---------+---------+-------+---------+---------+-------
      Total |     226 |       0 |   0.0 |      60 |       0 |   0.0
            +---------+---------+-------+---------+---------+-------
        D:1 |      34 |       0 |   0.0 |      20 |       0 |   0.0
        D:2 |      35 |       0 |   0.0 |      13 |       0 |   0.0
        D:3 |      94 |       0 |   0.0 |      22 |       0 |   0.0
        D:4 |      63 |       0 |   0.0 |       5 |       0 |   0.0
            +---------+---------+-------+---------+---------+-------
